 Dungeon Crawl Stone Soup version 0.27.1 (webtiles) character file.

Game seed: 14917160935514256851

69 VictoriousLee the Bolt Thrower (level 4, -4/26 HPs)
             Began as a Kobold Hunter on Aug 25, 2021.
             Killed from afar by Terence (7 damage)
             ... with a puff of flame
             ... on level 2 of the Dungeon.
             The game lasted 00:07:33 (2031 turns).

VictoriousLee the Bolt Thrower (Kobold Hunter)      Turns: 2031, Time: 00:07:33

Health: -4/26      AC:  3    Str:  9    XL:     4   Next: 42%
Magic:  4/4        EV: 14    Int: 18    God:
Gold:   156        SH:  0    Dex: 16    Spells: 3/3 levels left

rFire    . . .     SeeInvis .   a - +1 hand crossbow
rCold    . . .     Faith    .   (shield restricted)
rNeg     . . .     Spirit   .   c - +0 leather armour
rPois    .         Reflect  .   (no helmet)
rElec    .         Harm     .   (no cloak)
rCorr    .         Rampage  .   (no gloves)
Will     .....                  (no boots)
Stlth    +++.......             (no amulet)
HPRegen  0.08/turn              i - +6 ring of intelligence
MPRegen  0.09/turn              (no ring)

@: no status effects
A: small, no large weapons, nightstalker 3
a: no special abilities


You were on level 2 of the Dungeon.
You visited 1 branch of the dungeon, and saw 2 of its levels.

You collected 156 gold pieces.

Inventory:

Hand Weapons
 a - a +1 hand crossbow (weapon)
 b - a +3 dagger of protection
 h - a +0 short sword
Missiles
 d - 11 bolts (quivered ammo)
 l - 18 arrows
Armour
 c - a +0 leather armour (worn)
Jewellery
 i - a +6 ring of intelligence (left hand)
 j - a ring of flight
Scrolls
 e - a scroll of identify {unknown}
 k - a scroll of vulnerability {unknown}
 m - 2 scrolls of fear {unknown}
Potions
 f - a potion of heal wounds {unknown}
 g - a potion of curing
 n - a potion of brilliance {unknown}


   Skills:
 - Level 2.1 Fighting
 * Level 2.8 Short Blades
 * Level 6.0 Crossbows
 - Level 2.4 Dodging
 - Level 2.0 Stealth


You had 3 spell levels left.
You didn't know any spells.
Your spell library was empty.

Dungeon Overview and Level Annotations

Branches:
Dungeon (2/15)

Altars:

Annotations:
D:2 Terence


Innate Abilities, Weirdness & Mutations

You are small and have problems with some larger weapons.
You are completely attuned to the shadows.


Message History

Found 20 sling bullets.
You see here 20 sling bullets.
Found a yellow potion.
Terence the Incautious comes into view.
He is wielding a +0 vorpal trident and carrying a wand of flame (12).
Your +3 dagger of protection goes still.
a - a +1 hand crossbow (weapon)
You shoot a bolt.
The bolt hits Terence but does no damage.
Terence shouts!
You shoot a bolt.
The bolt hits Terence but does no damage.
Terence zaps a wand.
The puff of flame hits you!
You shoot a bolt. The bolt barely misses Terence.
You shoot a bolt. The bolt hits Terence.
Terence is moderately wounded.
Terence zaps a wand.
The puff of flame hits you.
You see here a rat skeleton.
Terence zaps a wand.
The puff of flame hits you.
Terence zaps a wand.
The puff of flame hits you.
* * * LOW HITPOINT WARNING * * *
You are too injured to fight recklessly!
Fire: 14 bolts
Press: ? - help, Q - select action Shift-Dir - straight line, f/p - Terence
Aim: Terence, wielding a +0 vorpal trident, wearing a +0 chain mail and carrying a wand of flame (8) (moderately wounded, 74% to hit)
You shoot a bolt. The bolt hits Terence!
Terence is severely wounded.
Okay, then.
Fire: 13 bolts
Press: ? - help, Q - select action Shift-Dir - straight line, f/p - Terence
Aim: Terence, wielding a +0 vorpal trident, wearing a +0 chain mail and carrying a wand of flame (8) (severely wounded, 74% to hit)
You shoot a bolt. The bolt hits Terence.
Terence is severely wounded.
Terence drinks a potion.
Terence is healed!
Fire: 12 bolts
Press: ? - help, Q - select action Shift-Dir - straight line, f/p - Terence
Aim: Terence, wielding a +0 vorpal trident, wearing a +0 chain mail and carrying a wand of flame (8) (heavily wounded, 74% to hit)
You shoot a bolt. The bolt hits Terence.
Terence is severely wounded.
Terence zaps a wand.
The puff of flame hits you!
You die...

##### ##...## ##..#..#
##..###.# ##.@## #.## ##..##
#..# ##.@## ##.# #
##.(########.# # ##..##
#......#
##########..#####.....##
##.....[#.............###
''......'..............>#..
##.......#.รท......####..#.#


You could see Terence.

Vanquished Creatures
  3 adders (D:2)
  A worm (D:2)
  3 dart slugs
  2 bats (D:1)
  2 endoplasms
  2 giant cockroaches (D:1)
  2 hobgoblins (D:1)
  4 jackals (D:2)
  A quokka (D:1)
  5 ball pythons
  A frilled lizard (D:1)
  4 kobolds
  2 rats (D:2)
32 creatures vanquished.

Vanquished Creatures (others)
  A fungus (D:1)
  2 plants (D:2)
  4 toadstools (D:1)
7 creatures vanquished.

Grand Total: 39 creatures vanquished

Notes
Turn   | Place    | Note
-------+----------+-------------------------------------------
     0 | D:1      | VictoriousLee the Kobold Hunter began the quest for the
                  | Orb.
     0 | D:1      | Reached XP level 1. HP: 12/12 MP: 1/1
   348 | D:1      | Reached skill level 5 in Crossbows
   362 | D:1      | Reached XP level 2. HP: 14/17 MP: 2/2
   527 | D:1      | Found a faded altar of an unknown god.
   591 | D:1      | Reached skill level 1 in Short Blades
  1065 | D:2      | Reached XP level 3. HP: 7/21 MP: 3/3
  1606 | D:2      | Reached XP level 4. HP: 23/26 MP: 4/4
  1876 | D:2      | Reached skill level 6 in Crossbows
  2012 | D:2      | Noticed Terence
  2031 | D:2      | Killed from afar by Terence

Illustrated notes

Levels and vault maps discovered:
D:1:      dpeg_arrival_rhombus, layout_basic,
          shapermc_ecumenical_altar_mp_highgroup, minmay_gold_behind_fungi
D:2:      layout_basic, serial_forest, infiniplex_forest_clump_cross,
          infiniplex_forest_end_1, infiniplex_forest_lined_room_3,
          infiniplex_forest_end_1, infiniplex_forest_clump_small,
          infiniplex_forest_straight_4, infiniplex_forest_lined_ring,
          uniq_terence

Skill      XL: |  1  2  3  4 |
---------------+-------------+-----
Crossbows      | 5 6 |  6.0
Stealth        | 2 |  2.0
Short Blades   | 1 2 |  2.8
Fighting       | |  2.1
Dodging        | |  2.4

Action                   |  1- 3 |  4- 6 || total
-------------------------+-------+-------++-------
Melee: Short sword       |     6 |       ||     6
       Dagger            |    41 |    13 ||    54
 Fire: Hand crossbow     |    18 |    15 ||    33
 Stab: Sleeping          |     7 |     2 ||     9
Armor: Leather armour    |     5 |     1 ||     6
Dodge: Dodged            |    26 |    14 ||    40
